 Dungeon Crawl Stone Soup version 0.21.0-3-g78d12a8 (webtiles) character file.

8024 Flooderbenga the Blocker (level 11, -1/99 HPs)
             Began as a Deep Dwarf Fighter on Jan 9, 2018.
             Was a Follower of Elyvilon.
             Slain by a troll (6 damage)
             ... on level 10 of the Dungeon.
             The game lasted 00:52:59 (9438 turns).

Flooderbenga the Blocker (Deep Dwarf Fighter)       Turns: 9438, Time: 00:53:00

Health: -1/99      AC: 20    Str: 23    XL:     11   Next: 4%
Magic:  12/14      EV:  6    Int:  9    God:    Elyvilon [*.....]
Gold:   386        SH: 14    Dex: 12    Spells: 10/10 levels left

rFire    + . .     SeeInvis .   a - +1 long sword
rCold    . . .     Gourm    .   c - +0 shield
rNeg     . . .     Faith    .   E - +0 plate armour
rPois    .         Spirit   .   o - +0 helmet (curse)
rElec    .         Reflect  +   d - +0 cloak
rCorr    .         Harm     .   I - +0 pair of gloves
MR       +....                  r - +1 pair of boots
Stlth    ..........             y - +2 amulet of reflection
HPRegen  0.00/turn              s - ring of protection from fire
MPRegen  0.14/turn              (no ring)

@: lethally poisoned (-1 -> -1), protection, non-regenerating
A: damage resistance, heal wounds, sense surroundings 2, no regeneration
a: Heal Wounds, Lesser Healing, Divine Protection, Renounce Religion


You were on level 10 of the Dungeon.
You worshipped Elyvilon.
Elyvilon was aware of your devotion.
You were near starving.

You visited 2 branches of the dungeon, and saw 11 of its levels.
You also visited: Sewer and Ossuary.

You collected 587 gold pieces.
You spent 201 gold pieces at shops.

Inventory:

Hand Weapons
 a - a +1 long sword (weapon)
 j - a +0 scimitar
Missiles
 e - 329 stones (quivered)
 k - 213 arrows
 n - 58 sling bullets
 t - 34 bolts
 v - 35 poisoned needles
 H - 7 curare-tipped needles
 T - 6 poisoned tomahawks
Armour
 c - a +0 shield (worn)
 d - a +0 cloak (worn)
 o - a cursed +0 helmet (worn)
 r - a +1 pair of boots (worn)
 E - a +0 plate armour (worn)
 I - a +0 pair of gloves (worn)
Jewellery
 s - a ring of protection from fire (left hand)
 y - a +2 amulet of reflection (around neck)
 S - an uncursed ring of fire {unknown}
Wands
 b - a wand of polymorph (12)
 M - a wand of scattershot (6)
 O - a wand of acid (18)
Scrolls
 g - 6 scrolls of teleportation {@r3}
 i - 2 scrolls of blinking {unknown}
 l - a scroll of amnesia
 m - 10 scrolls of identify {@r1}
 q - 6 scrolls of remove curse {@r2}
 u - 5 scrolls of enchant weapon
 A - 5 scrolls of magic mapping
 B - 4 scrolls of fear {@r5}
 F - 2 scrolls of noise
 G - a scroll of immolation {unknown}
 J - a scroll of enchant armour {unknown}
 R - a scroll of summoning {unknown}
Potions
 h - a potion of brilliance {unknown}
 p - 3 potions of cancellation
 w - 6 potions of flight
 x - 9 potions of curing {@q1}
 C - 2 potions of agility {unknown}
 D - 2 potions of haste {@q3}
 K - 2 potions of lignification {unknown}
 L - a potion of heal wounds {unknown}
 N - a potion of might {@q4}
 P - a potion of mutation {unknown}
Books
 z - a book of Changes

   Spells                             Type                      Level
   a - Beastly Appendage              Transmutation                1
   b - Sticks to Snakes               Transmutation                2
   c - Spider Form                    Transmutation/Poison         3
   d - Ice Form                       Ice/Transmutation            4
   e - Blade Hands                    Transmutation                5
Comestibles
 f - 9 rations


   Skills:
 + Level 6.8 Fighting
 * Level 9.8 Long Blades
 + Level 8.2 Armour
 * Level 10.3 Shields
 - Level 6.7 Invocations


You had 10 spell levels left.
You didn't know any spells.

Dungeon Overview and Level Annotations

Branches:
Dungeon (10/15)            Temple (1/1) D:5             Orc (0/2) D:10
   Lair: D:8-11

Altars:
Ashenzari
Cheibriados
Dithmenos
Elyvilon
Fedhas
Gozag
Hepliaklqana
Kikubaaqudgha
Makhleb
Nemelex Xobeh
Okawaru
Qazlal
Ru
Sif Muna
Trog
Uskayaw
Vehumet
Wu Jian
Xom
Yredelemnul
Zin
The Shining One

Shops:
D:6 **(

Annotations:
D:3 Sigmund
D:8 Erica
D:9 exclusion: 2 oklob plants


Innate Abilities, Weirdness & Mutations

You are resistant to damage.
You can heal yourself by infusing magical energy.
You passively map the area around you.
You do not regenerate.


Message History

You feel sick.
You take 2 damage, and have 10/99 hp.
You feel sick.
You take 1 damage, and have 9/99 hp.
The orc warrior throws a stone.
The stone hits you but does no damage.
You see here a stone.
Your divine protection fades away.
Found 23 bolts.
There is a stone staircase leading down here.
The orc warrior throws a stone.
The stone hits you but does no damage.
You see here a stone.
You beseech Elyvilon to protect your life.
You block the troll's attack. x2; The troll barely misses you.
You block the troll's attack. x3
The troll bites you!
* * * LOW HITPOINT WARNING * * *
The troll closely misses you. The troll claws you but does no damage.
You take 4 damage, and have 5/99 hp.
The troll bites you!
You die...

......# #..# .# #........ ......#
#..# .# #........ ......# #..# .#
#........ .....(###..######.#
#........
..................#######........
.................................
#########.>.(..o........####.....
# #..#####T.......# #.#### # #..#
#@.......# #.# # #..# #........#
#.# # #..#####........# #.#
#########...............####.####
.................................
...........###...####..####......
###..###...# #...# #..# #......
#..# #...# #...# #..# #......
#..# #...# #...# #..# #......


You could see a troll and an orc warrior.

Vanquished Creatures
  A faun (D:7)
  Psyche (D:10)
  2 polar bears (D:9)
  2 hippogriffs
  A wyvern (D:10)
  3 yaks
  A human (D:10)
  A steam dragon (D:7)
  2 porcupines (D:10)
  4 orc warriors
  4 ice beasts
  2 sky beasts
  A black bear (D:7)
  7 ogres
  The ghost of dobroeutro the Slasher, an amateur DsFi (D:3)
  3 centaurs
  Blork the orc (D:6)
  A big kobold (Sewer)
  6 bullfrogs
  5 scorpions
  5 wights (D:10)
  19 killer bees
  An electric eel (D:9)
  3 howler monkeys
  A centaur zombie (D:10)
  3 crimson imps
  3 hounds
  A jelly (D:5)
  5 orc priests
  Crazy Yiuf (D:3)
  A bullfrog skeleton (D:5)
  A centaur skeleton (D:7)
  5 iguanas
  Terence (D:2)
  9 orc wizards
  6 worker ants
  A big kobold zombie (Ossuary)
  A bullfrog simulacrum (D:9)
  A centaur simulacrum (D:9)
  8 mummies (Ossuary)
  A killer bee simulacrum (D:9)
  Robin (D:2)
  A worker ant zombie (D:6)
  10 adders
  7 gnolls
  2 river rats (Sewer)
  4 white imps (D:9)
  An ufetubus (D:9)
  2 adder zombies
  An adder skeleton (D:7)
  2 worms
  2 dart slugs (D:2)
  An adder simulacrum (D:9)
  4 leopard geckos
  34 orcs
  8 bats
  3 giant cockroaches
  11 goblins
  11 hobgoblins
  14 jackals
  A quokka (D:6)
  5 frilled lizards
  A giant cockroach zombie (D:5)
  A gnoll zombie (Ossuary)
  A hobgoblin zombie (Ossuary)
  7 kobolds
  4 kobold zombies (Ossuary)
  A leopard gecko simulacrum (D:9)
  An orc zombie (Ossuary)
  7 rats
274 creatures vanquished.

Vanquished Creatures (others)
  A yak (D:9)
  A wolf (D:9)
  A centaur (D:9)
  An ufetubus (D:9)
  3 orcs
  A jackal (D:9)
  4 fungi (D:10)
  A plant (D:10)
13 creatures vanquished.

Grand Total: 287 creatures vanquished

Notes
Turn   | Place    | Note
-------+----------+-------------------------------------------
     0 | D:1      | Flooderbenga the Deep Dwarf Fighter began the quest for the Orb.
     0 | D:1      | Reached XP level 1. HP: 20/20 MP: 1/1
   538 | D:1      | Reached XP level 2. HP: 17/27 MP: 2/2
   798 | D:2      | Noticed Terence
   820 | D:2      | Killed Terence
   820 | D:2      | Reached XP level 3. HP: 19/34 MP: 3/3
   863 | D:2      | Noticed Robin
   899 | D:2      | Killed Robin
   899 | D:2      | Reached XP level 4. HP: 29/42 MP: 4/4
  1253 | D:3      | Noticed Sigmund
  1295 | D:3      | Noticed dobroeutro's ghost (amateur DsFi)
  1320 | D:3      | Found a runed door.
  1327 | D:3      | Noticed Crazy Yiuf
  1332 | D:3      | Killed Crazy Yiuf
  1338 | D:3      | Killed dobroeutro's ghost
  1338 | D:3      | Reached skill level 4 in Shields
  1338 | D:3      | Reached XP level 5. HP: 24/49 MP: 5/5
  1496 | D:3      | Found a glowing drain.
  1533 | Sewer    | Entered a sewer
  1633 | Sewer    | Reached XP level 6. HP: 35/57 MP: 6/6
  1666 | Sewer    | Found a white marble altar of Elyvilon.
  1734 | Sewer    | Became a worshipper of Elyvilon the Healer
  2367 | D:4      | Reached skill level 5 in Long Blades
  2374 | D:4      | Reached XP level 7. HP: 17/64 MP: 7/7
  2431 | D:4      | Found a basalt altar of Yredelemnul.
  2492 | D:4      | Reached * piety under Elyvilon
  2536 | D:4      | Reached skill level 5 in Armour
  2597 | D:4      | Reached skill level 5 in Shields
  2728 | D:5      | Entered Level 5 of the Dungeon
  3003 | D:5      | Reached skill level 1 in Invocations
  3516 | D:5      | Found a staircase to the Ecumenical Temple.
  3525 | Temple   | Entered the Ecumenical Temple
  3555 | Temple   | Reached ** piety under Elyvilon
  3802 | D:6      | Reached XP level 8. HP: 67/73 MP: 8/8
  3927 | D:6      | Reached skill level 6 in Shields
  4003 | D:6      | Found Dididd's General Store.
  4011 | D:6      | Bought a potion of curing for 42 gold pieces
  4011 | D:6      | Bought a scroll of magic mapping for 49 gold pieces
  4011 | D:6      | Bought a scroll of identify for 28 gold pieces
  4011 | D:6      | Bought a scroll of remove curse for 42 gold pieces
  4011 | D:6      | Bought a scroll of noise for 14 gold pieces
  4068 | D:6      | Found a deep blue altar of Sif Muna.
  4068 | D:6      | Found a glowing golden altar of the Shining One.
  4069 | D:6      | Found an ornate altar of the Wu Jian Council.
  4094 | D:6      | Found Suturr's General Store.
  4097 | D:6      | Bought a scroll of identify for 26 gold pieces
  4103 | D:6      | Found a shadowy altar of Dithmenos.
  4300 | D:6      | Noticed Blork the orc
  4310 | D:6      | Killed Blork the orc
  4366 | D:6      | Found an opulent altar of Gozag.
  4368 | D:6      | Found a snail-covered altar of Cheibriados.
  4480 | D:6      | Found Icre's Weapon Emporium.
  4614 | D:6      | Reached skill level 5 in Fighting
  4627 | D:6      | Found a shimmering altar of Xom.
  4809 | D:7      | Reached skill level 7 in Shields
  4817 | D:7      | Gained mutation: You passively map the area around you. [Deep Dwarf growth]
  4817 | D:7      | Reached XP level 9. HP: 72/81 MP: 10/10
  5120 | D:7      | Was placed under penance by Elyvilon
  5123 | D:7      | HP: 1/81 [acid (15)]
  5156 | D:7      | HP: 1/81 [acid (7)]
  5191 | D:6      | HP: 3/81 [ogre/giant spiked club (13)]
  5300 | D:7      | Was forgiven by Elyvilon
  5893 | D:8      | Noticed a two-headed ogre
  5919 | D:8      | Noticed a faun
  5919 | D:8      | a two-headed ogre changed into a faun
  6019 | D:8      | Found a sand-covered staircase.
  6042 | D:8      | Reached skill level 8 in Shields
  6055 | Ossuary  | Entered an ossuary
  6359 | D:8      | Reached skill level 5 in Invocations
  6396 | D:7      | Killed a faun
  6644 | D:8      | Noticed Erica
  6969 | D:9      | Reached XP level 10. HP: 69/91 MP: 3/12
  7271 | D:9      | Found a blossoming altar of Fedhas.
  7274 | D:9      | Noticed an oklob plant
  7274 | D:9      | Noticed an oklob plant
  7616 | D:9      | Reached skill level 9 in Shields
  8175 | D:9      | Found a glowing silver altar of Zin.
  8308 | D:10     | Entered Level 10 of the Dungeon
  8496 | D:10     | Found a staircase to the Orcish Mines.
  8622 | D:10     | Noticed Psyche
  8690 | D:10     | Killed Psyche
  8720 | D:10     | Reached skill level 10 in Shields
  8968 | D:10     | Reached XP level 11. HP: 61/99 MP: 12/14
  9438 | D:10     | Slain by a troll

Skill      XL: |  1  2  3  4  5  6  7  8  9 10 |
---------------+-------------------------------+-----
Fighting       | 3 4 5 6 |  6.8
Long Blades    | 3 4 5 7 8 9 |  9.8
Armour         | 4 5 6 7 8 |  8.2
Shields        | 4 5 7 8 10 | 10.3
Invocations    | 2 3 5 6 |  6.7

Action                   |  1- 3 |  4- 6 |  7- 9 | 10-12 || total
-------------------------+-------+-------+-------+-------++-------
Melee: Long sword        |    94 |   224 |   706 |   606 ||  1630
Throw: Stone             |    11 |     6 |    14 |     2 ||    33
Invok: Lesser Healing    |       |       |   132 |    60 ||   192
       Heal Other        |       |       |     2 |       ||     2
       Divine Protection |       |       |     1 |     2 ||     3
 Abil: Heal Wounds       |     2 |     3 |     6 |       ||    11
Evoke: Wand              |       |       |     1 |       ||     1
  Use: Potion            |       |     2 |     4 |       ||     6
       Scroll            |       |     2 |     4 |       ||     6
  Eat: Chunk             |       |     5 |    21 |     6 ||    32
       Ration            |       |       |     5 |     3 ||     8
Armor: Scale mail        |    45 |   111 |   117 |       ||   273
       Plate armour      |       |       |   234 |   373 ||   607
Dodge: Dodged            |    30 |    86 |   198 |   112 ||   426
Block: Shield            |    56 |   164 |   558 |   528 ||  1306
       Reflection        |       |       |    10 |    13 ||    23
       Rpst.: Long sword |     7 |    25 |    53 |    28 ||   113
